 Dungeon Crawl Stone Soup version 0.30-a0-389-g8d7d949f56 (webtiles) character file.

Game seed: 8697900220532366526

863 Sabo the Trooper (level 8, -17/126 HPs)
             Began as an Ogre Berserker on Dec 3, 2022.
             Was a Priest of Trog.
             Demolished by an ogre
             ... wielding a +0 giant club
              (21 damage)
             ... on level 7 of the Dungeon.
             The game lasted 00:24:59 (4638 turns).

Sabo the Trooper (Ogre Berserker)                   Turns: 4638, Time: 00:25:00

Health: -17/126    AC: 13    Str: 24    XL:     8   Next: 3%
Magic:  8/8        EV: 10    Int:  8    God:    Trog [***...]
Gold:   112        SH:  0    Dex:  8    Spells: 7/7 levels left

rFire   . . .      SeeInvis .    d - +2 short sword (protect)
rCold   . . .      Faith    .    (no shield)
rNeg    . . .      Spirit   .    b - +0 animal skin
rPois   .          Reflect  .    (helmet restricted)
rElec   .          Harm     .    r - +2 cloak {Stlth+}
rCorr   .          Rampage  .    (gloves unavailable)
Will    .....                    (boots unavailable)
Stlth   ..........               (no amulet)
HPRegen 0.41/turn                (no ring)
MPRegen 0.11/turn                (no ring)

@: berserking (expiring), under a protective aura, very quick
A: large, unfitting armour, tough skin 1
a: Renounce Religion, Berserk, Trog's Hand


You were on level 7 of the Dungeon.
You worshipped Trog.
Trog was most pleased with you.
You visited 1 branch of the dungeon, and saw 5 of its levels.
You also visited: Sewer.

You collected 112 gold pieces.

Inventory:

Hand Weapons
 a - a +0 hand axe
 d - a +2 short sword of protection (weapon)
 h - a +0 sling
 j - a +0 short sword of venom
 u - a +0 giant spiked club
Missiles
 e - 4 silver javelins
 k - 24 poisoned darts (quivered)
Armour
 b - a +0 animal skin (worn)
 r - a +2 cloak of stealth (worn)
Jewellery
 i - an amulet of magic regeneration
Wands
 s - a wand of paralysis (6)
Scrolls
 p - a scroll of fog
 q - a scroll of silence {unknown}
 t - a scroll of teleportation {unknown}
Potions
 c - a potion of attraction {unknown}
 f - a potion of invisibility {unknown}
 g - 2 potions of resistance
 l - a potion of haste
 m - 3 potions of might {unknown}
 n - a potion of heal wounds {unknown}
 o - a potion of cancellation {unknown}


   Skills:
 + Level 6.6 Fighting
 + Level 4.4 Short Blades
 + Level 3.3 Axes
 + Level 5.3 Dodging
 + Level 1.5 Stealth


You had 7 spell levels left.
You didn't know any spells.
Your spell library was empty.

Dungeon Overview and Level Annotations

Branches:
Dungeon (4/15)              Sewer (visited)
 Temple: D:4-7

Altars:
Cheibriados
Wu Jian

Annotations:
D:4 Edmund


Innate Abilities, Weirdness & Mutations

You are too large for most types of armour.
You have tough skin. (AC +1)


Message History

The scorpion is heavily wounded.
The scorpion closely misses you.
You hit the scorpion.
The scorpion is almost dead.
You feel sick.
You hit the scorpion.
You kill the scorpion!
Trog accepts your kill.
Your Dodging skill increases to level 5!
You feel sick.
The shadow strikes at you from the darkness!
Reactivating autopickup.
The ogre hits you with a +0 giant club!
There is an open door, spattered with blood here.
You puncture the shadow!
The shadow is heavily damaged.
You feel sick.
You are no longer poisoned.
The shadow hits you.
You hit the shadow.
The shadow is heavily damaged.
The ogre hits you with a +0 giant club!!
* * * LOW HITPOINT WARNING * * *
You puncture the shadow!
The shadow is severely damaged.
The shadow barely misses you.
You hit the shadow.
The shadow is almost destroyed.
You barely miss the shadow.
The shadow is almost destroyed.
The shadow hits you.
The ogre hits you with a +0 giant club!!
* * * LOW HITPOINT WARNING * * *
You puncture the shadow!
You destroy the shadow!
Trog accepts your kill.
You have reached level 8!
You closely miss the ogre.
The ogre hits you with a +0 giant club!!
You die...

♣..♣ ♣..♣ ♣♣..♣
###♣..♣ +#....♣
##!#.#..♣♣
#..#.#♣..♣♣
#oO#.#♣♣..♣♣
##@##.# ♣♣..♣♣
#.....# ♣♣..♣♣
#.♣♣♣.# ♣♣..♣♣
#.....# ♣♣..♣
####### #####♣.♣###
#.....#♣♣...♣...♣..
#♣♣♣♣.♣♣..♣...#...♣
♣.....♣♣♣♣♣#.#♣♣♣
#♣♣♣♣.♣♣..♣...#...♣


You could see an ogre and an orc.

Vanquished Creatures
  A shadow (D:7)
  An ogre (D:7)
  A centaur (D:7)
  A kobold brigand (Sewer)
  A scorpion (D:7)
  A bullfrog (D:7)
  A killer bee (D:7)
  An orc priest (D:3)
  A hound (D:4)
  An orc wizard (D:4)
  Terence (D:2)
  Robin (D:3)
  3 gnolls (D:4)
  3 adders
  An ufetubus (D:7)
  A worm (D:2)
  3 dart slugs
  10 orcs
  7 ball pythons
  10 endoplasms
  7 giant cockroaches
  8 hobgoblins
  3 jackals (D:1)
  9 quokkas
  10 bats
  A frilled lizard (D:2)
  17 goblins
  13 kobolds
  13 rats
131 creatures vanquished.

Vanquished Creatures (others)
  8 plants
8 creatures vanquished.

Grand Total: 139 creatures vanquished

Notes
Turn   | Place    | Note
-------+----------+-------------------------------------------
     0 | D:1      | Sabo the Ogre Berserker began the quest for the Orb.
     0 | D:1      | Reached XP level 1. HP: 24/24 MP: 1/1
   253 | D:1      | Reached XP level 2. HP: 32/32 MP: 2/2
   592 | D:1      | Reached ** piety under Trog
   647 | D:1      | Reached XP level 3. HP: 37/40 MP: 3/3
   978 | D:2      | Reached skill level 1 in Short Blades
  1091 | D:2      | Reached XP level 4. HP: 29/49 MP: 4/4
  1519 | D:2      | Noticed Terence
  1528 | D:2      | Killed Terence
  2357 | D:3      | Found a glowing drain.
  2361 | Sewer    | Entered a sewer
  2396 | Sewer    | Reached XP level 5. HP: 55/55 MP: 5/5
  2709 | Sewer    | Reached *** piety under Trog
  2787 | Sewer    | Noticed a kobold brigand
  2797 | Sewer    | Killed a kobold brigand
  2798 | Sewer    | Reached skill level 5 in Fighting
  2798 | Sewer    | Reached skill level 1 in Stealth
  2896 | D:3      | Upgraded the game from 0.30-a0-385-gfebfb9b408 to
                  | 0.30-a0-389-g8d7d949f56
  3000 | D:3      | Reached XP level 6. HP: 41/66 MP: 6/6
  3175 | D:3      | Found a faded altar of an unknown god.
  3246 | D:3      | Found a snail-covered altar of Cheibriados.
  3479 | D:3      | Noticed Robin
  3488 | D:3      | Killed Robin
  3612 | D:3      | Found an ornate altar of the Wu Jian Council.
  3817 | D:4      | Noticed Edmund
  4267 | D:4      | You fall into a shaft and drop 3 floors!
  4423 | D:7      | Reached XP level 7. HP: 67/74 MP: 7/7
  4526 | D:7      | Reached skill level 6 in Fighting
  4602 | D:7      | Noticed a shadow
  4631 | D:7      | Reached skill level 5 in Dodging
  4636 | D:7      | HP: 3/114 [ogre/+0 giant club (24)]
  4637 | D:7      | Killed a shadow
  4638 | D:7      | Reached XP level 8. HP: 4/84 MP: 8/8
  4638 | D:7      | Demolished by an ogre

Illustrated notes

Levels and vault maps discovered:
D:1:      dpeg_arrival_more_subterranean_lakeside_camping, layout_basic
D:2:      layout_basic, uniq_terence
D:3:      layout_basic, kennysheep_slug_shrine,
          mainiacjoe_overflow_tiny_flanked,
          shapermc_ecumenical_altar_hornbeckon, gup_sewer_entry_spiral,
          kennysheep_boxes, uniq_robin
D:4:      layout_gridville, nicolae_ossuary_entry_catacombs, uniq_edmund
D:7:      nzn_winding_woodlands_large [nzn_winding_woodlands_hourglass,
          nzn_winding_woodlands_5x15_twine, nzn_winding_woodlands_5x5_three,
          nzn_winding_woodlands_center_garden,
          nzn_winding_woodlands_15x15_thick_spiral,
          nzn_winding_woodlands_center_lodge,
          nzn_winding_woodlands_5x5_open_star,
          nzn_winding_woodlands_5x15_default, nzn_winding_woodlands_5x5_cross],
          layout_cave_pods, minmay_alternating_orb

Skill      XL: |  1  2  3  4  5  6  7 |
---------------+----------------------+-----
Dodging        | 3 4 5 |  5.3
Short Blades   | 1 2 3 4 |  4.4
Fighting       | 5 6 |  6.6
Stealth        | 1 |  1.5
Axes           | |  3.3

Action                   |  1- 3 |  4- 6 |  7- 9 || total
-------------------------+-------+-------+-------++-------
Melee: Short sword       |   151 |   394 |    55 ||   600
       Hand axe          |    13 |       |       ||    13
       Punch             |     2 |     3 |       ||     5
 Fire: Sling             |       |     6 |       ||     6
Invok: Berserk           |       |     8 |     1 ||     9
  Use: Scroll            |       |     5 |       ||     5
       Potion            |       |     2 |       ||     2
 Stab: Sleeping          |       |     1 |     1 ||     2
Armor: Animal skin       |    74 |   237 |    38 ||   349
Dodge: Dodged            |    89 |   205 |    21 ||   315

Table legend: (Time is in decaauts)
 A = Elapsed time spent in this place.
 B = Non-inter-level travel time spent in this place.
 C = Inter-level travel time spent in this place.
 D = Time resting spent in this place.
 E = Time spent auto-exploring this place.
 F = Levels seen in this place.
 G = Mean time per level.
                   A        B        C        D        E       F      G
               +--------+--------+--------+--------+--------+-----+--------+
         Total |   4729 |   4729 |      0 |   1106 |      0 |   6 |  788.2 |
       Dungeon |   4165 |   4165 |      0 |    903 |      0 |   5 |  833.0 |
         Sewer |    564 |    564 |      0 |    203 |      0 |   1 |  564.0 |
               +--------+--------+--------+--------+--------+-----+--------+

Top non-repeatable levels by time:
     D:2: 1211 daAuts
     D:3: 1180 daAuts
     D:1: 961 daAuts
   Sewer: 564 daAuts
     D:4: 452 daAuts
     D:7: 360 daAuts
